Map: [ESL] Gresvan

Players

Neeb - Winner!

  • Race: Protoss Protoss
  • League: Diamond
  • Spawn Location: 11:00

Oliveira

  • Race: Terran Terran
  • Spawn Location: 5:00

Event: IEM Katowice 2023

VOD

https://youtu.be/51cpgXYU8Io?t=1689

Description

Time

  • Played on: Feb. 10, 2023, 9:13 a.m.
  • Length: 9:57

All games in this series

Show
View Real Time Build Order
Export as new Build Order

Neeb Protoss - Winner!

Build Orders: 1 Gate Expand, Oracle Opening, Phoenix Opening 

Get SALT Encoding   

  12  0:00  Probe  
  13  0:12  Probe  
  14  0:17  Pylon  
  14  0:24  Probe (Chrono Boost)  
  15  0:36  Gateway, Probe (Chrono Boost)  
  16  0:44  Probe (Chrono Boost)  
  16  0:45  Assimilator  
  17  0:50  Probe  
  18  1:03  Probe  
  19  1:15  Probe  
  20  1:22  Nexus  
  20  1:32  Cybernetics Core  
  20  1:34  Probe  
  20  1:39  Assimilator  
  21  1:46  Probe  
  22  1:48  Pylon  
  22  1:59  Probe (Chrono Boost)  
  23  2:05  Stalker (Chrono Boost)  
  26  2:09  Probe (Chrono Boost)  
  26  2:14  Probe (Chrono Boost)  
  27  2:26  Stargate, Probe (Chrono Boost)  
  27  2:29  Adept  
  30  2:34  Probe (Chrono Boost)  
  31  2:39  Warp Gate  
  31  2:43  Probe (Chrono Boost)  
  33  2:44  Probe (Chrono Boost)  
  33  2:49  Probe x2 (Chrono Boost)  
  34  2:59  Adept  
  34  3:00  Probe  
  34  3:01  Probe  
  38  3:07  Pylon  
  38  3:08  Oracle (Chrono Boost)  
  38  3:12  Probe  
  42  3:13  Probe  
  43  3:24  Probe  
  43  3:25  Probe  
  45  3:36  Probe  
  45  3:38  Probe, Phoenix  
  49  3:42  Nexus  
  49  3:48  Pylon  
  49  3:49  Probe  
  49  3:52  Probe  
  51  3:56  Gateway  
  51  4:00  Gateway  
  51  4:02  Probe  
  52  4:04  Probe  
  52  4:08  Phoenix  
  55  4:14  Twilight Council  
  55  4:16  Probe  
  56  4:19  Assimilator  
  56  4:20  Probe  
  57  4:25  Forge  
  57  4:28  Probe  
  58  4:33  Phoenix (Chrono Boost)  
  58  4:36  Probe  
  61  4:39  Pylon  
  61  4:40  Probe  
  62  4:49  Charge  
  62  4:52  Phoenix (Chrono Boost)  
  62  4:54  Probe x3  
  62  4:56  Shield Battery  
  62  4:57  Pylon  
  67  5:05  Protoss Ground Armor Level 1 (Chrono Boost)  
  67  5:06  Probe x2  
  69  5:15  Gateway  
  69  5:18  Probe x3  
  69  5:20  Gateway  
  72  5:22  Gateway  
  72  5:24  Sentry  
  74  5:30  Gateway  
  74  5:32  Gateway, Probe x3  
  77  5:39  Pylon  
  77  5:43  Phoenix  
  77  5:48  Pylon  
  79  5:54  Zealot x3  
  79  5:56  Probe  
  86  5:58  Pylon  
  86  6:08  Phoenix  
  88  6:12  Zealot  
  88  6:15  Pylon  
  90  6:20  Robotics Facility  
  90  6:21  Zealot x5  
  100  6:27  Zealot x2  
  100  6:29  Pylon  
  100  6:31  Pylon x2  
  104  6:33  Phoenix  
  104  6:35  Zealot  
  108  6:51  Zealot x7  
  122  6:59  Protoss Ground Weapons Level 1 (Chrono Boost)  
  122  7:03  Photon Cannon  
  122  7:04  Pylon  
  122  7:06  Pylon  
  122  7:11  Observer  
  122  7:12  Zealot x8  
  139  7:19  Robotics Bay  
  139  7:31  Immortal  
  137  7:44  Zealot x2  
  137  7:45  Zealot x6  
  137  7:48  Probe x3  
  156  7:51  Robotics Facility  
  156  7:52  Assimilator  
  156  7:53  Assimilator  
  156  8:01  Probe  
  156  8:02  Colossus  
  156  8:05  Extended Thermal Lance (Chrono Boost)  
  159  8:06  Assimilator  
  159  8:07  Pylon  
  159  8:09  Pylon  
  161  8:17  Zealot x2  
  157  8:30  Zealot x6  
  104  8:44  Colossus (Chrono Boost)  
  104  8:46  Zealot x2  
  103  8:52  Zealot x6  
  113  8:57  Phoenix  
  115  9:03  Colossus (Chrono Boost)  
  115  9:08  Nexus  
  121  9:15  Zealot x2, Sentry  
  125  9:25  Zealot x3, Sentry  
  131  9:43  Stalker  
  131  9:44  Zealot, Stalker x2  
Show
View Real Time Build Order
Export as new Build Order

Oliveira Terran 

Build Orders: Raven, Reaper Expand 

Get SALT Encoding   

  12  0:00  SCV  
  13  0:12  SCV  
  14  0:16  Supply Depot  
  14  0:24  SCV  
  15  0:38  SCV  
  15  0:39  Barracks  
  16  0:43  Refinery  
  16  0:50  SCV  
  17  1:02  SCV  
  18  1:14  SCV  
  19  1:27  Orbital Command, Reaper  
  20  1:40  Command Center  
  20  1:49  Supply Depot  
  20  1:53  SCV  
  21  1:59  Marine  
  22  2:05  SCV  
  22  2:08  Factory  
  23  2:17  SCV  
  23  2:18  Bunker  
  24  2:22  Refinery  
  24  2:23  Barracks Reactor  
  24  2:29  SCV  
  25  2:41  SCV  
  26  2:53  Hellion  
  26  2:54  Orbital Command  
  26  2:55  SCV  
  26  2:56  Starport  
  28  3:01  Marine x2  
  30  3:07  SCV  
  31  3:16  Factory Tech Lab  
  31  3:19  Marine x2, SCV  
  35  3:20  SCV  
  35  3:23  Supply Depot  
  35  3:31  SCV  
  35  3:32  SCV  
  37  3:36  Marine x2  
  37  3:40  Raven  
  41  3:43  Factory Tech Lab  
  41  3:44  SCV  
  41  3:46  SCV  
  43  3:53  Supply Depot  
  43  3:54  Marine x2  
  45  3:56  SCV  
  45  3:58  SCV  
  50  4:02  Siege Tank  
  50  4:08  SCV  
  51  4:10  SCV  
  52  4:17  Marine x2, Barracks  
  52  4:18  Barracks  
  52  4:20  SCV  
  52  4:22  SCV  
  56  4:25  Engineering Bay  
  56  4:27  Supply Depot  
  56  4:29  Refinery  
  56  4:32  SCV  
  56  4:35  Marine x2, SCV  
  56  4:37  Starport Reactor  
  60  4:42  Factory Reactor  
  60  4:44  SCV  
  61  4:47  SCV  
  61  4:50  Supply Depot  
  60  4:54  Terran Infantry Weapons Level 1, Missile Turret x2  
  60  4:57  Marine  
  60  4:58  Marine  
  60  4:59  SCV  
  63  5:01  SCV  
  63  5:05  Stimpack, Marauder  
  66  5:11  SCV  
  66  5:13  Marauder, SCV  
  70  5:14  Supply Depot  
  70  5:16  Marine  
  70  5:17  Marine  
  70  5:18  Refinery  
  70  5:19  Combat Shield  
  72  5:23  Widow Mine  
  72  5:24  SCV  
  72  5:25  SCV  
  76  5:29  Supply Depot  
  76  5:31  Marauder  
  78  5:35  Marine  
  78  5:36  Marine, Widow Mine  
  78  5:41  Medivac  
  83  5:44  SCV  
  83  5:46  Marauder  
  85  5:50  Supply Depot  
  85  5:51  Widow Mine  
  85  5:52  Marine, Medivac  
  85  5:53  Marine  
  85  5:56  Supply Depot  
  91  5:57  SCV  
  91  5:58  Marine  
  91  6:03  SCV  
  94  6:08  Marauder  
  94  6:09  Marine  
  94  6:11  SCV  
  94  6:12  Medivac  
  94  6:13  Widow Mine  
  94  6:15  Supply Depot  
  94  6:16  Marine  
  96  6:28  Marine  
  96  6:29  Marine, Marauder  
  96  6:30  Medivac  
  96  6:31  Widow Mine  
  96  6:32  SCV  
  105  6:33  SCV  
  105  6:34  Supply Depot  
  105  6:39  Widow Mine  
  108  6:44  Marine  
  109  6:53  Barracks  
  109  6:54  Barracks  
  109  6:56  Widow Mine  
  109  6:57  SCV x2  
  109  6:58  Terran Infantry Armor Level 1  
  116  7:01  Marauder x2  
  116  7:04  Widow Mine  
  116  7:09  SCV x2  
  116  7:10  Marine x2  
  120  7:17  Supply Depot  
  120  7:19  Widow Mine  
  120  7:21  SCV  
  120  7:22  Marine  
  122  7:23  SCV  
  122  7:25  Marauder  
  125  7:34  Liberator x2  
  125  7:35  Marine, Widow Mine  
  134  7:38  Marine  
  134  7:43  Marine  
  134  7:44  Marauder  
  133  7:45  Marine  
  133  7:48  Widow Mine  
  136  7:51  Marine  
  136  7:53  Marine  
  136  7:57  Marine  
  139  8:01  Marine  
  139  8:02  Widow Mine  
  142  8:06  Supply Depot  
  142  8:17  Supply Depot  
  142  8:23  Marine  
  142  8:24  Marine, Marauder  
  142  8:25  Marauder  
  136  8:28  Marine x2  
  89  8:41  Marine  
  89  8:42  Marine  
  89  8:44  Widow Mine  
  89  8:45  Marine, Liberator  
  89  8:46  Marine, Marauder, Liberator  
  89  8:47  Marauder  
  102  8:53  Widow Mine  
  104  8:59  Marine x2, Concussive Shells  
  106  9:03  Marine  
  106  9:05  Marine  
  106  9:07  Marauder  
  106  9:08  Widow Mine, Marauder  
  114  9:17  Marine x2  
  114  9:21  Marine  
  115  9:24  Marine  
  115  9:29  Widow Mine, Marauder x2  

Tags
 
Add a new tag
Caveats
  • Supply blocks, unpowered buildings, or Contaminate may cause inaccurate times.
  • Supply counts are checked every 10 seconds.